 Dungeon Crawl Stone Soup version 0.28.0-43-g3370ac3207 (webtiles) character file.

Game seed: 13181630249163081431

44 Revguard the Ducker (level 3, -1/29 HPs)
             Began as a Djinni Gladiator on Mar 10, 2022.
             Shot with a stone by a goblin (4 damage)
             ... on level 2 of the Dungeon.
             The game lasted 00:02:30 (1559 turns).

Revguard the Ducker (Djinni Gladiator)              Turns: 1559, Time: 00:02:30

Health: -1/29      AC:  4    Str: 13    XL:     3   Next: 85%
Gold:   59         EV: 12    Int: 11    God:
                   SH:  0    Dex: 14

rFire   + + .      SeeInvis .   a - +0 quarterstaff
rCold   x . .      Faith    .   (shield currently unavailable)
rNeg    . . .      Spirit   .   b - +0 leather armour
rPois   ∞          Reflect  .   c - +0 helmet
rElec   .          Harm     .   (no cloak)
rCorr   .          Rampage  .   (no gloves)
Will    +....                   (boots unavailable)
Stlth   +.........              (no amulet)
HPRegen 0.09/turn               f - ring of willpower
MPRegen 0.00/turn               (no ring)

@: flying
A: sickness immunity, fire resistance 2, cold vulnerability 1, float, innate
caster, HP casting, extra vitality 1
a: no special abilities


You were on level 2 of the Dungeon.
You visited 1 branch of the dungeon, and saw 2 of its levels.

You collected 59 gold pieces.

Inventory:

Hand Weapons
 a - a +0 quarterstaff (weapon)
Missiles
 d - 3 throwing nets
Armour
 b - a +0 leather armour (worn)
 c - a +0 helmet (worn)
Jewellery
 f - a ring of willpower (left hand)
Scrolls
 e - a scroll of blinking
 h - a scroll of fog {unknown}
Potions
 g - a potion of berserk rage


   Skills:
 + Level 2.3 Fighting
 + Level 3.0 Staves
 - Level 1.5 Throwing
 + Level 1.0 Armour
 + Level 3.6 Dodging
 * Level 1.1 Spellcasting


You had 3 spell levels left.
You knew the following spells:

 Your Spells              Type           Power      Damage    Failure   Level
a - Magic Dart            Conj           12%        1d3       26%         1
Your spell library was empty.

Dungeon Overview and Level Annotations

Branches:
Dungeon (2/15)

Altars:


Innate Abilities, Weirdness & Mutations

You are immune to sickness and miasma.
You are immune to poison.
Your flesh is very heat resistant. (rF++)
You are vulnerable to cold. (rC-)
You float through the air rather than walking.
You learn spells naturally, not from books.
Your magical power is your life essence.
You have superior vitality. (+4 MHP)


Message History

The bat completely misses you.
The goblin unwields a +0 hunting sling.
The goblin wields a +0 dagger.
The goblin hits you with a +0 dagger.
You closely miss the goblin. The bat barely misses you.
The bat hits you but does no damage. The goblin hits you but does no damage.
The goblin hits you with a +0 club.
You hit the goblin.
The goblin is moderately wounded.
The bat misses you. The goblin closely misses you.
The goblin hits you with a +0 club. The bat barely misses you.
You closely miss the goblin.
The goblin is moderately wounded.
The bat misses you. The bat hits you but does no damage.
The goblin hits you but does no damage. The goblin hits you with a +0 club.
The goblin hits you but does no damage. The bat misses you. x2
The bat closely misses you. The bat hits you but does no damage.
You see here a +0 whip.
The goblin unwields a +0 dagger.
The goblin wields a +0 hunting sling.
The goblin shoots a stone.
The stone hits you. The bat hits you but does no damage.
The bat barely misses you.
There is an open door here.
You barely miss the goblin. The goblin hits you but does no damage.
You sock the goblin!
You kill the goblin!
The goblin shoots a stone.
The stone hits you.
Your Staves skill increases to level 3!
Aiming: Magic Dart (safe; 26% risk of failure)
Press: ? - help, Q - select action, (/) - cycle Shift-Dir - straight line, f - goblin
Aim: a goblin, wielding a +0 hunting sling and quivering stones (moderately wounded, 100% to hit)
The magic dart hits the goblin.
The goblin is heavily wounded.
* * * LOW HITPOINT WARNING * * *
The goblin shoots a stone.
The stone hits you.
* * * LOW HITPOINT WARNING * * *
You reach down and close the door.
A goblin opens the door.
The goblin shoots a stone.
The stone hits you.
You die...

#....##......##
##..##......#
###g..###......
#####..)###......#'
#.#..)###......###)
#.#g###......###... ###
#.#'#......###....#
.#...##<#......###....#..
........@....###...##.##.
#....##.#..###..(#..#.)#.
.... #.#################
#.#.###..................
. . ..#.†............####
#.#.#.###..........>....#
....#.#.....####.##.#....
#.#.....#.#.# ...#...#
..........#.#######.###.#


You could see a goblin.

Vanquished Creatures
  An adder (D:2)
  3 ball pythons
  2 endoplasms
  A giant cockroach (D:1)
  3 goblins (D:2)
  3 hobgoblins (D:1)
  5 jackals (D:1)
  A quokka (D:1)
  3 bats (D:1)
  2 frilled lizards
  4 kobolds
  5 rats
33 creatures vanquished.

Notes
Turn   | Place    | Note
-------+----------+-------------------------------------------
     0 | D:1      | Revguard the Djinni Gladiator began the quest for the Orb.
     0 | D:1      | Reached XP level 1. HP: 18/18 MP: 0/0
   155 | D:1      | Reached XP level 2. HP: 22/23 MP: 0/0
   375 | D:1      | Found a faded altar of an unknown god.
   503 | D:1      | Reached XP level 3. HP: 28/28 MP: 0/0
   503 | D:1      | Learned a level 1 spell: Magic Dart
  1137 | D:2      | Reached skill level 1 in Armour
  1137 | D:2      | Reached skill level 1 in Spellcasting
  1559 | D:2      | Shot with a stone by a goblin

Illustrated notes

Levels and vault maps discovered:
D:1:      matt_arrival_diagonals, layout_basic, shapermc_ecumenical_altar_gd
D:2:      minmay_razor_zed, layout_loops_ring, serial_shops, shop,
          kennysheep_generic_room_10

Skill      XL: |  1  2  3 |
---------------+----------+-----
Armour         | 1 |  1.0
Spellcasting   | 1 |  1.1
Staves         | 3 |  3.0
Fighting       | |  2.3
Throwing       | |  1.5
Dodging        | |  3.6

Action                   || total
-------------------------++-------
Melee: Quarterstaff      ||    97
 Cast: Magic Dart        ||     3
  Use: Scroll            ||     2
 Stab: Sleeping          ||     2
Armor: Leather armour    ||    48
Dodge: Dodged            ||    82
